 Dungeon Crawl Stone Soup version 0.26-a0-846-gcc8f1ee719 (webtiles) character file.

Game seed: 3567884197538370110

73 sahdkjhfkaj the Ruffian (level 4, 0/28 HPs)
             Began as a Vampire Fighter on Nov 20, 2020.
             Slain by an orc wizard
             ... wielding a +0 dagger
              (3 damage)
             ... on level 3 of the Dungeon.
             The game lasted 00:09:00 (3020 turns).

sahdkjhfkaj the Ruffian (Vampire Fighter)           Turns: 3020, Time: 00:09:01

Health: 0/28       AC:  0    Str: 14 (16) XL:     4   Next: 8%
Magic:  4/4        EV: 17    Int: 10      God:
Gold:   54         SH:  0    Dex: 16 (18) Spells: 3/3 levels left

rFire    . . .     SeeInvis +     - Unarmed
rCold    + + .     Faith    .   (shield currently unavailable)
rNeg     + + +     Spirit   .   (armour currently unavailable)
rPois    ∞         Reflect  .   (helmet currently unavailable)
rElec    .         Harm     .   (cloak currently unavailable)
rCorr    .         Rampage  .   (gloves currently unavailable)
MR       .....                  (boots currently unavailable)
Stlth    ++++......             (no amulet)
HPRegen  0.00/turn              (ring currently unavailable)
MPRegen  0.09/turn              (ring currently unavailable)

@: bat-form, flying, bloodless, slowed, quick
A: tiny, fangs 3, see invisible
a: Revivify, End Transformation


You were on level 3 of the Dungeon.
You were in vampire-bat-form.
You visited 1 branch of the dungeon, and saw 3 of its levels.

You collected 54 gold pieces.

Inventory:

Hand Weapons
 a - a +0 hunting sling
Armour
 b - a +0 kite shield (melded)
 d - a +0 scale mail (melded)
Jewellery
 f - an uncursed ring of positive energy {unknown}
Scrolls
 e - a scroll of fear {!r}
 i - a scroll of fog {!r}
 j - a scroll of enchant armour {!r}
 l - a scroll of remove curse {!r, unknown}
Potions
 c - a potion of might {!q}
 g - 2 potions of haste {!q, unknown}
 h - a potion of heal wounds {!q}
 k - a potion of curing {!q}
 m - a potion of magic {!q, unknown}


   Skills:
 + Level 3.5 Fighting
 - Level 2.4 Armour
 + Level 0.6 Stealth
 - Level 2.6 Shields
 - Level 3.9 Unarmed Combat


You had 3 spell levels left.
You didn't know any spells.
Your spell library was empty.

Dungeon Overview and Level Annotations

Branches:
Dungeon (3/15)

Altars:
Ashenzari
Uskayaw


Innate Abilities, Weirdness & Mutations

You do not regenerate when monsters are visible.
You are frail without blood (-20% HP).
You can heal yourself when you bite living creatures.
You are immune to poison.
You have razor-sharp teeth.
You have supernaturally acute eyesight. (SInv)
((You can survive without breathing.))


Message History

There is an open door here.
Unknown command.
The orc wizard casts a spell at you. The magic dart hits you.
* * * LOW HITPOINT WARNING * * *
You reach down and close the door.
An orc wizard opens the door.
The orc wizard points at you and mumbles some strange words.
You feel yourself slow down. The orc wizard casts a spell at you.
You feel as though you will be slow longer.
The orc wizard gestures wildly while chanting.
The orc wizard blinks!
You see here 17 stones.
The orc wizard gestures at you while chanting.
The magic dart hits you!
* * * LOW HITPOINT WARNING * * *
There is a stone staircase leading up here.
The orc wizard hits you with a +0 dagger.
You die...

.... ##...#
....# # ....# .
....#.##
####...#...
#.....^.#
#..b....# ..
####..o....# ...
#..........##...
#.###.(.........
.. #...........
. #.g....>...>
#.o.........
#...†.......
##'#########


You could see an orc wizard (fast), an orc and a hobgoblin.

Vanquished Creatures
  2 adders (D:2)
  A dart slug (D:1)
  3 leopard geckos (D:2)
  An orc (D:2)
  4 bats
  6 goblins
  4 hobgoblins
  6 jackals
  7 kobolds
  A quokka (D:2)
  4 frilled lizards (D:1)
  7 rats
46 creatures vanquished.

Vanquished Creatures (others)
  4 plants (D:1)
4 creatures vanquished.

Grand Total: 50 creatures vanquished

Notes
Turn   | Place    | Note
-------+----------+-------------------------------------------
     0 | D:1      | sahdkjhfkaj the Vampire Fighter began the quest for the
                  | Orb.
     0 | D:1      | Reached XP level 1. HP: 17/17 MP: 1/1
   153 | D:1      | Reached XP level 2. HP: 23/23 MP: 2/2
   667 | D:1      | Reached XP level 3. HP: 27/29 MP: 3/3
  2478 | D:2      | Found a broken altar of Ashenzari.
  2478 | D:2      | Found a hide-covered altar of Uskayaw.
  2802 | D:2      | Reached XP level 4. HP: 28/28 MP: 4/4
  3020 | D:3      | Slain by an orc wizard

Illustrated notes

Levels and vault maps discovered:
D:1:      lemuel_arrival_funnel, layout_loops_cross, serial_bayou,
          serial_bayou_pond_c, serial_bayou_shore_b, serial_bayou_crossing,
          serial_bayou_pond_d
D:2:      layout_rooms, grunt_temple_overflow_open
D:3:      layout_basic, chequers_serial_rivers_large_b,
          hangedman_decor_diamond_cutter, minivault_14, chequers_mini_garden,
          grunt_decor_cap

Skill      XL: |  1  2 |
---------------+-------+-----
Fighting       | 3 |  3.5
Unarmed Combat | 3 |  3.9
Armour         | |  2.4
Stealth        | |  0.6
Shields        | |  2.6

Action                   |  1- 3 |  4- 6 || total
-------------------------+-------+-------++-------
Melee: Unarmed           |   198 |     8 ||   206
       Bite              |    17 |     1 ||    18
 Abil: Bat Form          |     1 |       ||     1
       Exsanguinate      |     1 |       ||     1
  Use: Scroll            |     4 |       ||     4
       Potion            |     1 |       ||     1
 Stab: Sleeping          |     3 |     2 ||     5
Armor: Scale mail        |    56 |       ||    56
Dodge: Dodged            |   124 |     6 ||   130
Block: Kite shield       |    66 |       ||    66

Table legend: (Time is in decaauts)
 A = Elapsed time spent in this place.
 B = Non-inter-level travel time spent in this place.
 C = Inter-level travel time spent in this place.
 D = Time resting spent in this place.
 E = Time spent auto-exploring this place.
 F = Levels seen in this place.
 G = Mean time per level.
                   A        B        C        D        E       F      G
               +--------+--------+--------+--------+--------+-----+--------+
         Total |   2686 |   2619 |     67 |    924 |   1217 |   3 |  895.3 |
       Dungeon |   2686 |   2619 |     67 |    924 |   1217 |   3 |  895.3 |
               +--------+--------+--------+--------+--------+-----+--------+

Top non-repeatable levels by time:
     D:1: 1345 daAuts
     D:2: 1319 daAuts
     D:3: 21 daAuts
